 Dungeon Crawl Stone Soup version 0.20-a0-1018-ge435b50 (webtiles) character file.

1663 JeffiDaFish the Shield-Bearer (level 9, -5/53 HPs)
             Began as a Gargoyle Fighter on Apr 16, 2017.
             Was an Initiate of Okawaru.
             Slain by an orc warrior
             ... wielding a +0 flail
              (6 damage)
             ... on level 6 of the Dungeon.
             The game lasted 00:09:53 (6372 turns).

JeffiDaFish the Shield-Bearer (Gargoyle Fighter)    Turns: 6372, Time: 00:09:54

Health: -5/53      AC: 15    Str: 19    XL:     9   Next: 1%
Magic:  9/9        EV:  9    Int: 10    God:    Okawaru [......]
Gold:   266        SH: 11    Dex: 12    Spells: 8/8 levels left

rFire    . . .     SeeInvis .   a - +0 flail
rCold    + . .     Gourm    .   c - +1 shield
rNeg     + . .     Faith    .   b - +0 scale mail
rPois    ∞         Spirit   .   k - +1 helmet
rElec    +         Reflect  .   o - scarf {rC+}
rCorr    .         Harm     .   (no gloves)
MR       .....                  (no boots)
Stlth    ..........             (no amulet)
Regen    0.2/turn               (no ring)
MPRegen  0.2/turn               (no ring)

@: no status effects
A: negative energy resistance 1, electricity resistance, unbreathing,
petrification resistance, rot immunity, AC +5
a: Renounce Religion


You were on level 6 of the Dungeon.
You worshipped Okawaru.
Okawaru was noncommittal.
You were hungry.

You visited 2 branches of the dungeon, and saw 7 of its levels.

You collected 266 gold pieces.

Inventory:

Hand Weapons
 a - a +0 flail (weapon)
 l - a +4 club
Armour
 b - a +0 scale mail (worn)
 c - a +1 shield (worn)
 k - a +1 helmet (worn)
 o - a scarf of cold resistance (worn)
Wands
 j - a wand of digging (24/24)
Scrolls
 e - a scroll of fog
 p - 2 scrolls of remove curse
 r - 2 scrolls of magic mapping
Potions
 d - a potion of might
 n - a potion of flight
Comestibles
 f - 7 bread rations
 g - 4 royal jellies
 h - 7 fruits
 q - 2 meat rations


   Skills:
 + Level 4.8 Fighting
 + Level 6.8 Maces & Flails
 + Level 5.8 Armour
 + Level 2.7 Dodging
 + Level 1.3 Stealth
 + Level 7.2 Shields


You had 8 spell levels left.
You didn't know any spells.

Dungeon Overview and Level Annotations

Branches:
Dungeon (6/15)             Temple (1/1) D:5

Altars:
Ashenzari
Cheibriados
Dithmenos
Elyvilon
Fedhas
Gozag
Hepliaklqana
Kikubaaqudgha
Makhleb
Nemelex Xobeh
Okawaru
Qazlal
Ru
Trog
Uskayaw
Vehumet
Wu Jian
Xom
Yredelemnul
Zin
The Shining One

Shops:
D:4 *


Innate Abilities, Weirdness & Mutations

You are resistant to torment.
Your stone body is resilient. (AC +5)
You are immune to poison.
You resist negative energy. (rN+)
You are resistant to electric shocks. (rElec)
You can survive without breathing.
You are immune to petrification.
You are immune to rotting.


Message History

* * * LOW HITPOINT WARNING * * *
You block something's attack.
You hit the orc warrior.
The orc warrior is heavily wounded.
You block the orc warrior's attack. Something hits you but does no damage.
You sock the orc warrior!
The orc warrior is severely wounded.
Something hits you but does no damage. You block the orc warrior's attack.
You closely miss the orc warrior.
The orc warrior is severely wounded.
You block something's attack. The orc warrior hits you with a flail.
* * * LOW HITPOINT WARNING * * *
You closely miss the orc warrior.
The orc warrior is severely wounded.
You hear some strange, mumbled words.
A magic dart appears from out of thin air!
The magic dart hits you!
* * * LOW HITPOINT WARNING * * *
The orc warrior hits you with a flail.
You die...

.# #.....##. .# #........
.# #######........ .
#....##...#
#..(.##'######..
######...............
#....................
#...##....##)o.......
#####..##.=..##@{.......
#..###..##....#....>.....
...#..........#######....
...#....##....##..# ....
<..##...##....##..# ...
...##...##.>......#
.........†....##..#
..............##..##
...##...##.........#


You could see an orc warrior.

Vanquished Creatures
  Grinder (D:3)
  Sigmund (D:5)
  The ghost of Elysium the Cudgeler, an amateur MiBe of Trog (D:4)
  Menkaure (D:5)
  A sky beast (D:5)
  A centaur (D:5)
  2 bullfrogs (D:6)
  A scorpion (D:6)
  A howler monkey (D:6)
  3 wights (D:5)
  A crimson imp (D:5)
  A quasit (D:5)
  A bullfrog zombie (D:6)
  2 orc wizards
  A hound (D:5)
  Jessica (D:3)
  A bullfrog skeleton (D:4)
  An iguana (D:4)
  3 worker ants
  A hound skeleton (D:4)
  Robin (D:3)
  6 gnolls
  4 adders
  2 oozes
  An adder skeleton (D:6)
  3 worms
  2 dart slugs (D:2)
  4 leopard geckos
  8 orcs
  5 giant cockroaches
  9 hobgoblins
  11 jackals
  3 quokkas
  3 ball pythons
  10 bats
  7 frilled lizards
  11 goblins
  A jackal skeleton (D:4)
  7 kobolds
  A leopard gecko skeleton (D:4)
  15 rats
140 creatures vanquished.

Notes
Turn   | Place    | Note
-------+----------+-------------------------------------------
     0 | D:1      | JeffiDaFish the Gargoyle Fighter began the quest for the Orb.
     0 | D:1      | Reached XP level 1. HP: 14/14 MP: 1/1
   112 | D:1      | Reached XP level 2. HP: 9/19 MP: 2/2
   582 | D:1      | Reached XP level 3. HP: 20/23 MP: 3/3
  1796 | D:2      | Reached skill level 4 in Shields
  1819 | D:2      | Reached XP level 4. HP: 26/28 MP: 4/4
  2050 | D:3      | Noticed Robin
  2069 | D:3      | Killed Robin
  2422 | D:3      | Noticed Jessica
  2425 | D:3      | Killed Jessica
  2428 | D:3      | Reached XP level 5. HP: 29/32 MP: 5/5
  2563 | D:3      | Reached skill level 1 in Dodging
  3007 | D:3      | Noticed Grinder
  3020 | D:3      | Killed Grinder
  3020 | D:3      | Reached XP level 6. HP: 21/38 MP: 6/6
  3438 | D:3      | Reached skill level 5 in Shields
  3702 | D:4      | Reached XP level 7. HP: 43/43 MP: 7/7
  3894 | D:4      | Found a stormy altar of Qazlal.
  3917 | D:4      | Found Jophuq's Assorted Antiques.
  4181 | D:4      | Noticed Elysium's ghost (amateur MiBe)
  4196 | D:4      | Killed Elysium's ghost
  4196 | D:4      | Reached skill level 5 in Maces & Flails
  4777 | D:5      | Entered Level 5 of the Dungeon
  4802 | D:5      | Reached skill level 5 in Armour
  4851 | D:5      | Noticed Sigmund
  4862 | D:5      | Killed Sigmund
  4862 | D:5      | Reached skill level 1 in Stealth
  4862 | D:5      | Reached XP level 8. HP: 36/48 MP: 8/8
  4983 | D:5      | Reached skill level 6 in Shields
  5069 | D:5      | Found a staircase to the Ecumenical Temple.
  5088 | D:5      | Noticed Menkaure
  5137 | D:5      | Killed Menkaure
  5544 | Temple   | Entered the Ecumenical Temple
  5836 | Temple   | Became a worshipper of Warmaster Okawaru
  6201 | D:6      | Reached skill level 7 in Shields
  6310 | D:6      | Reached XP level 9. HP: 42/53 MP: 9/9
  6372 | D:6      | HP: 1/53 [something/magic dart (4)]
  6372 | D:6      | Slain by an orc warrior

Vault maps used:
D:1:      matt_arrival_grand_opening
D:2:      first_bread
D:3:      minmay_ruptured, uniq_grinder, uniq_jessica, uniq_robin
D:4:      serial_shops, kennysheep_mini, nicolae_qazlal_eye_of_the_storm
D:5:      minmay_temple_entry_large_hall, minmay_misc_feat_ornament,
          uniq_menkaure, uniq_sigmund
D:6:      due_unseen_surprise
Temple:   regret_index_temple_sigil_plot

Skill      XL: |  1  2  3  4  5  6  7  8 |
---------------+-------------------------+-----
Armour         | 4 5 |  5.8
Shields        | 4 5 7 |  7.2
Maces & Flails | 3 4 6 |  6.8
Dodging        | 1 2 |  2.7
Fighting       | 4 |  4.8
Stealth        | 1 |  1.3

Action                   |  1- 3 |  4- 6 |  7- 9 || total
-------------------------+-------+-------+-------++-------
Melee: Flail             |   172 |   215 |   298 ||   685
  Use: Scroll            |     2 |     4 |     6 ||    12
       Potion            |     2 |     2 |     8 ||    12
  Eat: Chunk             |     3 |     7 |     8 ||    18
Armor: Scale mail        |    91 |   129 |   252 ||   472
Dodge: Dodged            |    62 |    83 |   149 ||   294
Block: Shield            |   101 |   143 |   269 ||   513
